 Dungeon Crawl Stone Soup version 0.17-a0-2215-g49c1de0 (webtiles) character file.

42 tp1 the Conjurer (level 3, -2/19 HPs)
             Began as a Deep Elf Conjurer on Oct 27, 2015.
             Killed from afar by Terence (4 damage)
             ... with a wand of magic darts
             ... on level 2 of the Dungeon.
             The game lasted 00:06:41 (2494 turns).

tp1 the Conjurer (Deep Elf Conjurer)                Turns: 2494, Time: 00:06:41

Health: -2/19      AC:  3    Str:  5    XL:     3   Next: 35%
Magic:  6/9        EV: 13    Int: 20    God:
Gold:   76         SH:  0    Dex: 15    Spells: 3 memorised, 2 levels left

rFire  x . .     SeeInvis .     (no weapon)
rCold  + . .     Clarity  .     a - +0 robe
rNeg   . . .     SustAt   .     (no shield)
rPois  .         Gourm    .     i - +0 helmet
rElec  .         Spirit   .     (no cloak)
rCorr  .         Warding  .     (no gloves)
rMut   .         Stasis   .     (no boots)
MR     .....                    (no amulet)
Stlth  ++........               p - ring of ice
                                (no ring)

@: not resistant to hostile enchantments, unstealthy
A: no striking features
a: no special abilities


You were on level 2 of the Dungeon.
You were not hungry.

You visited 1 branch of the dungeon, and saw 2 of its levels.

You collected 76 gold pieces.

Inventory:

Armour
 a - a +0 robe (worn)
 i - a +0 helmet (worn)
Jewellery
 p - a ring of ice (right hand)
Scrolls
 g - 3 scrolls of remove curse
 h - a scroll of blinking {unknown}
 k - a scroll of identify {unknown}
 l - 2 scrolls of amnesia {unknown}
 m - a scroll of fear {unknown}
 o - a scroll of teleportation {unknown}
Potions
 j - a potion of resistance {unknown}
Books
 b - a book of Conjurations

   Spells                             Type                      Level
   a - Magic Dart                     Conjuration                  1
   b - Searing Ray                    Conjuration                  2
   c - Dazzling Spray                 Conjuration/Hexes            3
   d - Fulminant Prism                Conjuration/Hexes            4
   e - Iskenderun's Mystic Blast      Conjuration                  4
   f - Iskenderun's Battlesphere      Conjuration/Charms           5
Comestibles
 c - 2 bread rations
 d - a fruit
 n - a beef jerky


   Skills:
 - Level 3.0 Dodging
 - Level 3.0 Stealth
 + Level 3.2 Spellcasting
 - Level 5.1 Conjurations


You had 2 spell levels left.
You knew the following spells:

 Your Spells              Type           Power        Failure   Level  Hunger
a - Magic Dart            Conj           ###.         1%          1    None
b - Searing Ray           Conj           ###...       2%          2    ##.....
c - Dazzling Spray        Conj/Hex       ##......     17%         3    ###....


Dungeon Overview and Level Annotations

Branches:
Dungeon (2/15)

Altars:
Sif Muna

Annotations:
D:2 Terence


Message History

The magic dart hits Terence.
Terence is lightly wounded.
Terence zaps a wand.
The magic dart hits you!
Casting: Magic Dart
Confirm with . or Enter, or press ? or * to list all spells.
Aiming: Magic Dart
Press: ? - help, Shift-Dir - straight line, f/p - Terence
Aim: Terence, wielding a mace, wearing a scale mail and carrying a wand of magic darts {zapped: 2} (lightly wounded)
Okay, then.
Casting: Magic Dart
Confirm with . or Enter, or press ? or * to list all spells.
Aiming: Magic Dart
Press: ? - help, Shift-Dir - straight line, f/p - Terence
Aim: Terence, wielding a mace, wearing a scale mail and carrying a wand of magic darts {zapped: 2} (lightly wounded)
The magic dart hits Terence.
Terence is moderately wounded.
Terence zaps a wand.
The magic dart hits you!
* * * LOW HITPOINT WARNING * * *
Terence zaps a wand.
The magic dart hits you!
You die...

#..........# #. #.########.# #.
#.# #># ####. #.# #.# ###....
#.## #.# ### ....... ...# #.#
######.... ###.### ...#
#.#####......?@. #.. ..>#
#(.............. #..
################@####.... ......
####.....#..>......# ... ####..
#..[.....#..........###########..
#.#####..#.#####.#.##........####
#.# #..#.# #.###..........### #.#
#..#.# #$##............## #.#
#..#.#######..............#
#.#####........##................
#...>...##.#####.................


You could see Terence.

Vanquished Creatures
  An adder (D:2)
  A worm (D:2)
  A ball python (D:2)
  A goblin (D:2)
  6 hobgoblins
  8 bats
  3 jackals (D:1)
  4 kobolds
  6 rats
31 creatures vanquished.

Notes
Turn   | Place    | Note
--------------------------------------------------------------
     0 | D:1      | tp1 the Deep Elf Conjurer began the quest for the Orb.
     0 | D:1      | Reached XP level 1. HP: 10/10 MP: 6/6
   306 | D:1      | Reached XP level 2. HP: 15/15 MP: 5/8
  2102 | D:2      | Found a deep blue altar of Sif Muna.
  2202 | D:2      | Learned a level 2 spell: Searing Ray
  2291 | D:2      | Reached skill level 5 in Conjurations
  2291 | D:2      | Reached XP level 3. HP: 15/19 MP: 5/9
  2296 | D:2      | Learned a level 3 spell: Dazzling Spray
  2489 | D:2      | Noticed Terence
  2494 | D:2      | Killed from afar by Terence

Vault maps used:
D:1:      dpeg_arrival_orchard
D:2:      lemuel_blue_sif_altar, kennysheep_big_empty_room, uniq_terence

Action                   || total
-------------------------++-------
 Cast: Magic Dart        ||    69
       Searing Ray       ||     1
  Use: Scroll            ||     2
  Eat: Chunk             ||     4
       Fruit             ||     1
